Map: Deathaura LE

Players

Reynor

  • Race: Zerg Zerg
  • League: Master
  • Spawn Location: 5:00

AGOElazer (Elazer) - Winner!

  • Race: Zerg Zerg
  • League: Master
  • Spawn Location: 11:00

Event: TSL 6

VOD

Have the link to the VOD?

Description

Time

  • Played on: Dec. 13, 2020, 5:54 p.m.
  • Length: 11:11

All games in this series

Show
View Real Time Build Order
Export as new Build Order

Reynor Zerg 

Build Orders: Hatch First 

Get SALT Encoding   

  12  0:00  Drone  
  13  0:11  Overlord  
  13  0:16  Drone  
  14  0:30  Drone x2  
  16  0:47  Hatchery  
  15  0:50  Drone  
  15  0:54  Drone  
  17  0:57  Drone  
  18  1:08  Extractor  
  17  1:13  Spawning Pool  
  17  1:16  Drone  
  17  1:19  Drone  
  18  1:27  Drone  
  19  1:38  Drone  
  20  1:48  Overlord  
  20  2:00  Queen x2, Drone x2  
  26  2:11  Drone x2  
  28  2:20  Drone  
  28  2:21  Drone  
  30  2:32  Overlord, Drone  
  30  2:36  Queen  
  33  2:38  Lair  
  33  2:42  Drone  
  33  2:43  Drone  
  35  2:49  Evolution Chamber  
  34  2:53  Drone x2  
  36  3:01  Extractor  
  36  3:03  Drone  
  36  3:04  Drone  
  37  3:07  Overlord  
  37  3:08  Drone x4  
  37  3:09  Drone  
  42  3:14  Pneumatized Carapace  
  42  3:19  Roach Warren  
  41  3:22  Drone  
  41  3:23  Drone  
  41  3:26  Drone  
  44  3:34  Evolution Chamber  
  44  3:35  Drone  
  44  3:38  Drone x2  
  44  3:40  Overlord  
  44  3:41  Overlord  
  46  3:44  Zerg Missile Weapons Level 1  
  46  3:45  Drone  
  47  3:55  Extractor  
  47  3:58  Roach  
  47  3:59  Roach x3  
  47  4:00  Roach  
  56  4:03  Drone  
  56  4:06  Queen  
  59  4:11  Queen  
  59  4:13  Drone  
  62  4:18  Glial Reconstitution  
  62  4:20  Extractor, Drone x2  
  63  4:25  Overlord  
  63  4:31  Drone, Overseer  
  63  4:33  Drone  
  65  4:44  Roach x2  
  69  4:47  Hatchery  
  68  4:54  Roach  
  68  4:56  Drone  
  71  5:02  Drone  
  71  5:06  Roach, Evolution Chamber  
  73  5:09  Queen  
  73  5:13  Overlord  
  75  5:16  Drone  
  75  5:20  Overlord  
  76  5:31  Evolution Chamber  
  76  5:33  Roach x3  
  76  5:34  Roach  
  76  5:35  Zerg Ground Armor Level 1  
  83  5:36  Overlord  
  83  5:38  Roach  
  83  5:39  Roach  
  87  5:48  Roach x2  
  87  5:49  Queen x2  
  92  5:56  Roach  
  95  5:58  Roach  
  95  6:00  Roach x3  
  95  6:02  Roach  
  105  6:11  Overlord x3  
  105  6:17  Zerg Missile Weapons Level 2  
  105  6:28  Overlord  
  105  6:35  Evolution Chamber  
  105  6:36  Roach x7  
  116  6:41  Drone x2  
  119  6:50  Drone  
  119  6:51  Drone x2  
  120  6:55  Roach Warren, Drone x2  
  119  7:05  Drone x2  
  118  7:11  Drone x3  
  118  7:12  Overlord  
  118  7:14  Drone  
  118  7:15  Drone  
  123  7:19  Queen  
  125  7:29  Queen  
  127  7:30  Drone x3  
  128  7:42  Roach  
  128  7:43  Roach x6  
  142  7:45  Ravager x4  
  142  7:47  Overlord x2  
  142  7:50  Extractor x2  
  144  7:59  Roach  
  144  8:01  Overlord  
  144  8:10  Drone x4  
  144  8:12  Spore Crawler  
  145  8:14  Spore Crawler, Drone  
  145  8:16  Queen x2  
  145  8:18  Drone  
  145  8:19  Spore Crawler  
  149  8:20  Hydralisk Den  
  149  8:22  Drone x2  
  148  8:29  Queen  
  148  8:31  Drone x4  
  150  8:35  Overlord  
  150  8:36  Ravager x2  
  150  8:39  Spore Crawler  
  151  8:44  Overlord  
  145  9:03  Roach x8  
  145  9:04  Roach  
  145  9:05  Roach  
  152  9:12  Roach x2  
  152  9:13  Roach  
  153  9:17  Roach  
  153  9:21  Roach  
  153  9:24  Roach  
  145  9:27  Roach  
  137  9:33  Roach  
  137  9:34  Roach  
  137  9:37  Roach  
  125  9:38  Ravager  
  125  9:44  Roach, Overseer  
  125  9:45  Drone  
  129  9:46  Queen, Drone  
  129  9:47  Infestation Pit  
  131  9:52  Extractor  
  131  9:53  Ravager x2  
  131  9:54  Drone  
  131  9:55  Drone  
  131  9:57  Overlord  
  134  10:04  Drone  
  134  10:05  Drone, Ravager  
  137  10:09  Ravager  
  137  10:10  Spine Crawler, Overlord  
  137  10:17  Roach x4  
  137  10:18  Ravager  
  146  10:26  Lurker Den  
  145  10:28  Drone  
  145  10:29  Overlord  
  146  10:37  Overlord  
Show
View Real Time Build Order
Export as new Build Order

AGOElazer Zerg - Winner!

Build Orders: Hatch First 

Get SALT Encoding   

  12  0:00  Drone  
  13  0:12  Overlord  
  13  0:16  Drone  
  14  0:30  Drone x2  
  16  0:48  Hatchery  
  15  0:50  Drone  
  15  0:54  Drone  
  17  0:57  Drone  
  18  1:08  Extractor  
  17  1:12  Spawning Pool  
  17  1:15  Drone  
  17  1:18  Drone  
  18  1:27  Drone  
  19  1:39  Drone  
  20  1:49  Drone  
  21  1:59  Queen x2  
  21  2:00  Overlord, Drone  
  26  2:07  Metabolic Boost  
  26  2:10  Drone  
  26  2:11  Drone  
  28  2:21  Drone x2  
  30  2:31  Hatchery  
  30  2:35  Drone  
  30  2:38  Drone  
  30  2:43  Overlord  
  32  2:44  Drone  
  32  2:49  Queen  
  34  2:57  Drone x2  
  36  3:05  Zergling x2  
  36  3:06  Zergling x2  
  36  3:07  Zergling x8  
  36  3:08  Zergling x2  
  36  3:12  Overlord  
  43  3:16  Drone  
  43  3:19  Evolution Chamber  
  43  3:24  Drone  
  44  3:35  Drone x2  
  44  3:41  Drone x5  
  51  3:46  Overlord  
  51  3:47  Drone x3  
  54  3:53  Zerg Ground Armor Level 1  
  54  3:56  Overlord  
  54  4:00  Zergling x2  
  54  4:01  Zergling x2  
  55  4:06  Zergling x6  
  58  4:12  Lair  
  58  4:14  Drone  
  58  4:16  Drone x2  
  61  4:21  Overlord  
  61  4:24  Drone x5  
  66  4:29  Roach Warren  
  65  4:34  Overlord  
  65  4:35  Drone  
  66  4:39  Extractor  
  66  4:40  Extractor, Overlord  
  66  4:41  Drone x3  
  67  4:50  Overlord  
  67  4:52  Zergling x10  
  70  4:57  Overlord  
  70  5:04  Zergling x14  
  77  5:09  Glial Reconstitution  
  77  5:10  Extractor, Overseer  
  77  5:12  Overlord  
  76  5:20  Overlord  
  76  5:24  Overlord  
  76  5:26  Drone x2  
  78  5:30  Drone x7  
  78  5:32  Overlord  
  85  5:46  Overlord  
  84  5:52  Roach x6  
  95  6:01  Roach  
  95  6:02  Roach x9  
  115  6:06  Extractor, Zerg Missile Weapons Level 1  
  115  6:09  Overlord  
  114  6:18  Extractor, Spire  
  113  6:19  Drone x3  
  113  6:22  Overlord  
  113  6:24  Roach x4  
  122  6:33  Roach  
  122  6:34  Roach x4  
  122  6:37  Roach  
  133  6:40  Overlord  
  133  6:44  Roach x3  
  137  6:49  Roach x2  
  138  6:57  Overlord  
  134  7:02  Roach x7  
  134  7:07  Overlord  
  145  7:17  Roach x6  
  157  7:28  Roach x6  
  166  7:33  Mutalisk  
  166  7:34  Mutalisk  
  168  7:38  Overlord  
  168  7:39  Overlord  
  168  7:42  Mutalisk  
  170  7:51  Mutalisk x3  
  176  7:59  Mutalisk  
  178  8:09  Zerg Missile Weapons Level 2  
  178  8:12  Overlord  
  178  8:14  Roach x5  
  188  8:26  Overlord  
  188  8:27  Overlord  
  188  8:28  Hatchery  
  187  8:35  Roach x3  
  187  8:39  Ravager  
  182  9:07  Roach x13  
  192  9:15  Roach  
  192  9:16  Roach x4  
  194  9:23  Roach x5  
  190  9:28  Drone  
  177  9:38  Roach x5  
  169  9:44  Drone x3  
  172  9:49  Infestation Pit  
  172  9:50  Roach x4  
  179  9:53  Ravager  
  179  9:54  Ravager x3  
  179  9:55  Ravager  
  179  9:56  Ravager x3  
  187  10:00  Drone x4  
  187  10:05  Extractor, Drone x3  
  193  10:11  Overlord  
  193  10:20  Roach x3, Ravager  
  200  10:30  Overlord x3  
Tags
 
Add a new tag
Caveats
  • Supply blocks, unpowered buildings, or Contaminate may cause inaccurate times.
  • Supply counts are checked every 10 seconds.